[Event "ICC Open 2015"]
[Site "Internet Chess Club"]
[Date "2015.05.30"]
[Round "6"]
[White "Svinotigr"]
[Black "pagoda"]
[Result "0-1"]
[ICCResult "White resigns"]
[WhiteElo "1683"]
[BlackElo "1949"]
[Opening "Réti: old Indian attack"]
[ECO "A06"]
[NIC "QP.09"]
[Time "15:04:36"]
[TimeControl "180+0"]

1. Nf3 d5 2. d3 Nc6 3. Nbd2 e5 4. e4 Nf6 5. g3 dxe4 6. dxe4 h6 7. Bg2 Be6 8.
O-O Bc5 9. Qe2 O-O 10. c3 a5 11. a4 Qd7 12. h4 Rad8 13. Re1 Bg4 14. Nc4 Rfe8
15. Ne3 Qd3 16. Qxd3 Rxd3 17. Nh2 Bh5 18. Bf1 Rd7 19. Bb5 Red8 20. Bxc6 bxc6
21. g4 Bg6 22. Nf5 Rd1 23. Be3 Rxa1 24. Rxa1 Bxe3 25. fxe3 Nxe4 26. Nf3 Bxf5
27. gxf5 f6 28. b4 Nxc3 29. bxa5 Ra8 30. Rc1 Ne2+ {White resigns} 0-1

[Event "ICC Open 2015"]
[Site "Internet Chess Club"]
[Date "2015.05.30"]
[Round "6"]
[White "hubbard"]
[Black "jps7"]
[Result "0-1"]
[ICCResult "White forfeits on time"]
[WhiteElo "1375"]
[BlackElo "1577"]
[Opening "Queen's pawn, Mason variation"]
[ECO "D00"]
[NIC "QP.08"]
[Time "15:02:58"]
[TimeControl "180+0"]

1. d4 d5 2. Bf4 e6 3. e3 Bd6 4. Bg3 Nf6 5. Nf3 Ne4 6. Be5 O-O 7. Nbd2 f6 8.
Bxd6 Nxd6 9. Bd3 f5 10. Ne5 Nd7 11. Ndf3 Ne4 12. O-O c5 13. c4 b6 14. cxd5
exd5 15. dxc5 Ndxc5 16. Bxe4 fxe4 17. Nd4 Qe7 18. b4 Na6 19. Nec6 Qd6 20. a3
Bd7 21. b5 Nc5 22. Rc1 Nd3 23. Rc3 Qf6 24. Rc2 Rfc8 25. Nb4 Ne5 26. Nxd5 Qd6
27. Nf4 Rxc2 28. Qxc2 Rc8 29. Qb3+ Kh8 30. Nde6 Nc4 31. Nd4 Qc5 32. Nde6
Qxb5 {White forfeits on time} 0-1

[Event "ICC Open 2015"]
[Site "Internet Chess Club"]
[Date "2015.05.30"]
[Round "6"]
[White "Cramagica"]
[Black "TacticsTime"]
[Result "0-1"]
[ICCResult "White forfeits on time"]
[WhiteElo "1176"]
[BlackElo "1306"]
[Opening "Bird's opening"]
[ECO "A02"]
[NIC "VO.07"]
[Time "15:03:21"]
[TimeControl "180+0"]

1. f4 a6 2. Nf3 b5 3. e3 Nf6 4. b3 c5 5. Bb2 Bb7 6. c4 Qb6 7. cxb5 axb5 8.
Nc3 b4 9. Ne2 e6 10. Ng3 d6 11. Be2 Nbd7 12. O-O Be7 13. h3 O-O 14. Qc2 Nd5
15. Bd3 N7f6 16. Ne4 c4 17. Nxf6+ Nxf6 18. Bxc4 Nh5 19. Ng5 h6 20. Nf3 Nxf4
21. Kh1 Rac8 22. Qd1 Ng6 23. Bd4 Qc6 24. Qe2 Rc7 25. Bb2 Nh4 26. Nxh4 Bxh4
27. Qg4 g5 {White forfeits on time} 0-1

[Event "ICC Open 2015"]
[Site "Internet Chess Club"]
[Date "2015.05.30"]
[Round "6"]
[White "Bozhenka"]
[Black "ibarra"]
[Result "1-0"]
[ICCResult "Black checkmated"]
[WhiteElo "3081"]
[BlackElo "2728"]
[Opening "Old Indian defense"]
[ECO "A53"]
[NIC "QP.07"]
[Time "15:02:34"]
[TimeControl "180+0"]

1. d4 Nf6 2. c4 d6 3. Nf3 g6 4. Nc3 Bf5 5. g3 Ne4 6. Bg2 Nxc3 7. bxc3 Be4 8.
O-O Bg7 9. Bh3 O-O 10. Nd2 Bc6 11. e4 b6 12. f4 Bd7 13. Bg2 c5 14. Nb3 Nc6
15. e5 cxd4 16. cxd4 Rc8 17. Be3 Qc7 18. Rc1 Rfd8 19. Qe2 a5 20. d5 Nb4 21.
Bd4 Bf5 22. Rfd1 a4 23. Na1 dxe5 24. fxe5 Nd3 25. Rxd3 Bxd3 26. Qxd3 Bxe5
27. Bf2 Bxa1 28. Rxa1 Qxc4 29. Qd1 b5 30. a3 e6 31. Bb6 Rd6 32. Bd4 Rcd8 33.
Bb2 Qc5+ 34. Qd4 Rxd5 35. Bxd5 Qxd4+ 36. Bxd4 Rxd5 37. Bf6 h6 38. Rc1 g5 39.
Rc7 Rd3 40. Be7 Kg7 41. Kg2 g4 42. Rb7 Rd2+ 43. Kg1 Rd1+ 44. Kf2 Rd2+ 45.
Ke3 Rxh2 46. Rxb5 Kg6 47. Ra5 Rg2 48. Kf4 h5 49. Bd6 Rf2+ 50. Ke3 Rf3+ 51.
Ke2 f5 52. Rxa4 Kf6 53. Ra5 Rb3 54. a4 h4 55. gxh4 Kg6 56. Re5 Kh5 57. Rxe6
Kxh4 58. Bf4 g3 59. Rg6 Rb2+ 60. Ke3 Rb3+ 61. Kd4 Rb4+ 62. Ke5 Kh5 63. Rg5+
Kh4 64. Kxf5 Rxa4 65. Bxg3+ Kh3 66. Be5 Ra5 67. Rh5+ Kg2 68. Ke4 Kf2 69.
Bd4+ Ke2 70. Rxa5 Kd1 71. Rc5 Kd2 72. Rc3 Ke2 73. Rc2+ Kf1 74. Kd3 Ke1 75.
Rd2 Kf1 76. Rc2 Ke1 77. Rc1# {Black checkmated} 1-0

[Event "ICC Open 2015"]
[Site "Internet Chess Club"]
[Date "2015.05.30"]
[Round "6"]
[White "oviwan68"]
[Black "BillietheKid"]
[Result "1-0"]
[ICCResult "Black forfeits on time"]
[WhiteElo "1946"]
[BlackElo "1419"]
[Opening "French: advance, Euwe variation"]
[ECO "C02"]
[NIC "FR.03"]
[Time "15:04:17"]
[TimeControl "180+0"]

1. e4 e6 2. d4 d5 3. e5 c5 4. c3 Nc6 5. Nf3 Bd7 6. dxc5 Bxc5 7. Bd3 Nge7 8.
Bf4 Ng6 9. Bg3 Qb6 10. Qe2 O-O 11. h4 Rfe8 12. h5 Nf8 13. b4 Be7 14. O-O a5
15. b5 Nd8 16. a4 h6 17. Nbd2 Rc8 18. Rac1 Nh7 19. c4 Ng5 20. Nxg5 Bxg5 21.
cxd5 exd5 22. Kh2 Rxc1 23. Rxc1 Ne6 24. Bb1 Nf4 25. Qf3 Ne6 26. Qxd5 Bc8 27.
Qe4 Bxd2 28. Rxc8 Rxc8 29. Qh7+ {Black forfeits on time} 1-0

[Event "ICC Open 2015"]
[Site "Internet Chess Club"]
[Date "2015.05.30"]
[Round "6"]
[White "Talion"]
[Black "vasek"]
[Result "0-1"]
[ICCResult "White resigns"]
[WhiteElo "2819"]
[BlackElo "1383"]
[Opening "Queen's pawn: London system"]
[ECO "A45"]
[NIC "QP.07"]
[Time "15:02:55"]
[TimeControl "180+0"]

1. d4 Nf6 2. Bf4 e6 3. e3 c5 4. c3 Be7 5. h3 O-O 6. Nf3 b6 7. Bd3 Bb7 8. O-O
d5 9. a4 Nbd7 10. a5 Ne4 11. Qa4 Qc8 12. Bb5 Nb8 13. a6 Bc6 14. Na3 Bd6 15.
Ne5 Bxe5 16. Bxe5 Bxb5 17. Nxb5 Nc6 18. Bh2 Qd7 19. Rfd1 c4 20. f3 Nf6 21.
Nd6 Ne7 22. e4 Qxa4 23. Rxa4 Rfd8 24. exd5 exd5 25. Kf2 Nc6 26. Ke3 Ne8 27.
Nb5 Rd7 28. Kd2 Re7 29. Re1 Rxe1 30. Kxe1 Kf8 31. Kd2 Ke7 32. Kc2 Kd7 33.
Ra1 f6 34. Re1 Rc8 35. g4 Ra8 36. h4 Ne7 37. h5 h6 38. Bg3 Nc8 39. b3 Ncd6
40. Nxd6 Nxd6 41. Bxd6 Kxd6 42. bxc4 dxc4 43. Kb2 b5 44. Ka3 Rb8 45. Kb4 Rb6
46. Ra1 Kd5 47. Ra5 Kc6 48. d5+ Kxd5 49. Rxb5+ Kc6 50. Rxb6+ Kxb6 51. Kxc4
Kxa6 52. Kd5 Kb7 53. Kc5 Kc7 54. Kb5 Kb7 55. c4 a6+ 56. Ka5 Kc6 57. Kxa6 Kc5
58. Kb7 Kxc4 59. Kc6 Kd4 60. Kd6 Ke3 61. Ke6 Kxf3 62. Kf5 Kg3 63. Kg6 Kxg4
64. Kxg7 Kxh5 65. Kxf6 Kg4 66. Ke5 h5 67. Ke4 h4 68. Ke3 Kg3 69. Ke2 Kg2 70.
Ke3 h3 71. Ke4 h2 72. Ke5 h1=Q 73. Ke6 Qh4 74. Kd5 Qf4 75. Ke6 Qg5 76. Kd6
Qf5 77. Kc6 Qe5 78. Kb6 Qd5 79. Kc7 Qe6 80. Kb7 Qd6 81. Kc8 Qe7 82. Kb8 Qd7
83. Ka8 Kf3 84. Kb8 Ke4 85. Ka8 Kd5 {White resigns} 0-1

[Event "ICC Open 2015"]
[Site "Internet Chess Club"]
[Date "2015.05.30"]
[Round "6"]
[White "EREBUNI"]
[Black "Adonis"]
[Result "1-0"]
[ICCResult "Black resigns"]
[WhiteElo "3059"]
[BlackElo "2647"]
[Opening "Ruy Lopez: Berlin defense, open variation"]
[ECO "C67"]
[NIC "RL.07"]
[Time "15:04:23"]
[TimeControl "180+0"]

1. e4 e5 2. Nf3 Nc6 3. Bb5 Nf6 4. O-O Nxe4 5. Re1 Nd6 6. Nxe5 Nxe5 7. Rxe5+
Be7 8. Bd3 O-O 9. Nc3 Bf6 10. Re3 c6 11. Bxh7+ Kxh7 12. Qh5+ Kg8 13. Rh3 Bh4
14. Rxh4 f5 15. Qh7+ Kf7 16. d3 Ne8 17. Qxf5+ Nf6 18. Be3 d5 19. Qg5 Re8 20.
Bd4 Qe7 21. Rf1 Kg8 22. Qg6 Rf8 23. f4 Bd7 24. f5 Qd6 25. Rf3 Be8 26. Qg5 c5
27. Bxf6 Qxf6 28. Qxf6 Rxf6 29. Nxd5 Rd6 30. Nc7 Rc8 31. Ne6 Bf7 32. Rfh3
Bxe6 33. Rh8+ Kf7 34. fxe6+ {Black resigns} 1-0

[Event "ICC Open 2015"]
[Site "Internet Chess Club"]
[Date "2015.05.30"]
[Round "6"]
[White "krankenstein"]
[Black "Agenda"]
[Result "1-0"]
[ICCResult "Black forfeits on time"]
[WhiteElo "1113"]
[BlackElo "1213"]
[Opening "Queen's pawn game"]
[ECO "A45"]
[NIC "QP.07"]
[Time "15:03:01"]
[TimeControl "180+0"]

1. d4 Nf6 2. h3 e6 3. Nf3 b6 4. a3 Bb7 5. e3 Be7 6. Be2 d6 7. O-O Nbd7 8.
Nc3 O-O 9. b4 Ne4 10. Nxe4 Bxe4 11. Bd3 Bb7 12. Re1 Nf6 13. e4 a6 14. e5 Nd7
15. exd6 Bxd6 16. Ne5 Nxe5 17. dxe5 Be7 18. Bb2 c5 19. f4 Qc7 20. Qh5 g6 21.
Qg4 c4 22. Be4 Bxe4 23. Rxe4 Qc6 24. Rae1 Rad8 25. c3 Rd2 26. Bc1 Rc2 27.
Qf3 Rd8 28. Rd4 Qxf3 29. Rxd8+ Bxd8 30. gxf3 Rxc3 31. Bb2 Rxf3 32. Rd1 Rg3+
33. Kf2 Bh4 34. Ke2 Rxh3 35. Rd6 Rh2+ 36. Ke3 Rxb2 37. Rxb6 Rb3+ 38. Ke2
Rxa3 39. Rc6 Ra2+ 40. Kf3 Ra3+ 41. Ke4 {Black forfeits on time} 1-0

[Event "ICC Open 2015"]
[Site "Internet Chess Club"]
[Date "2015.05.30"]
[Round "6"]
[White "olimpus"]
[Black "Danya"]
[Result "0-1"]
[ICCResult "White resigns"]
[WhiteElo "2788"]
[BlackElo "3090"]
[Opening "Benko's opening"]
[ECO "A00"]
[NIC "VO.09"]
[Time "15:04:08"]
[TimeControl "180+0"]

1. g3 d5 2. Bg2 e5 3. c4 Nf6 4. cxd5 Nxd5 5. Nc3 Nb6 6. e3 Nc6 7. Nge2 Be7
8. O-O O-O 9. f4 f6 10. f5 Bd7 11. d4 exd4 12. exd4 Be8 13. d5 Ne5 14. Nf4
Bf7 15. Ne6 Bxe6 16. dxe6 c6 17. Ne4 Qd3 18. Qxd3 Nxd3 19. Rd1 Rad8 20. Bf1
Nxc1 21. Raxc1 Nd5 22. Kf2 g6 23. g4 Kg7 24. Bc4 Nb6 25. Bb3 Nc8 26. Rd7
Rxd7 27. exd7 Nb6 28. Be6 Rd8 29. Rd1 Na8 30. Nd2 Nc7 31. Nc4 b6 32. Kf3 Na6
33. Nd6 Bxd6 34. Rxd6 Nb8 35. Bb3 Rxd7 36. Re6 gxf5 37. gxf5 Rb7 38. Re8 Nd7
39. Re7+ Kh6 40. Rf7 Ne5+ {White resigns} 0-1

[Event "ICC Open 2015"]
[Site "Internet Chess Club"]
[Date "2015.05.30"]
[Round "6"]
[White "talaatabdin"]
[Black "vicmel"]
[Result "0-1"]
[ICCResult "White forfeits on time"]
[WhiteElo "1427"]
[BlackElo "1920"]
[Opening "QGD Slav defense: exchange variation"]
[ECO "D10"]
[NIC "SL.01"]
[Time "15:03:19"]
[TimeControl "180+0"]

1. d4 d5 2. c4 c6 3. cxd5 cxd5 4. Nc3 e5 5. dxe5 d4 6. Ne4 Nc6 7. Bg5 Qa5+
8. Bd2 Bb4 9. Nf3 Nxe5 10. Bxb4 Nxf3+ 11. exf3 Qxb4+ 12. Qd2 Qxd2+ 13. Nxd2
Bd7 14. O-O-O O-O-O 15. Ne4 Bc6 16. Bc4 Nh6 17. Ng5 Rd7 18. Rhe1 b5 19. Bb3
a5 20. a3 a4 21. Ba2 Kb7 22. Re5 Rc8 23. Kb1 f6 24. Be6 fxe5 25. Bxd7 Bxd7
26. Ne4 Bf5 27. Re1 Bxe4+ 28. Rxe4 Rc5 {White forfeits on time} 0-1

[Event "ICC Open 2015"]
[Site "Internet Chess Club"]
[Date "2015.05.30"]
[Round "6"]
[White "Macks"]
[Black "QuieroAprender"]
[Result "0-1"]
[ICCResult "White forfeits on time"]
[WhiteElo "1495"]
[BlackElo "1388"]
[Opening "Queen's pawn game"]
[ECO "A45"]
[NIC "QP.07"]
[Time "15:03:38"]
[TimeControl "180+0"]

1. d4 Nf6 2. g3 g6 3. Bg2 Bg7 4. Nf3 d5 5. O-O c6 6. Re1 O-O 7. Bf4 Bg4 8.
Nbd2 Nbd7 9. h3 Be6 10. Ng5 Nh5 11. Nxe6 fxe6 12. Bg5 h6 13. Be3 Qb6 14. c3
Qxb2 15. Qc1 Qxc1 16. Raxc1 e5 17. dxe5 Nxe5 18. Nf3 Nc4 19. Bd4 e5 20. Bc5
Rf7 21. Nh4 Kh7 22. Bf3 b6 23. Bb4 c5 24. Bxd5 Nd6 25. Bxa8 cxb4 26. cxb4 e4
27. Red1 Nb5 28. Rd5 Nc7 29. Rd8 Nxa8 30. Rxa8 Bd4 31. e3 Bf6
{White forfeits on time}
0-1

[Event "ICC Open 2015"]
[Site "Internet Chess Club"]
[Date "2015.05.30"]
[Round "6"]
[White "chessrex"]
[Black "DogGambit"]
[Result "1/2-1/2"]
[ICCResult "Black ran out of time and White has no material to mate"]
[WhiteElo "2128"]
[BlackElo "1686"]
[Opening "Pirc defense"]
[ECO "B07"]
[NIC "PU.04"]
[Time "15:03:34"]
[TimeControl "180+0"]

1. d4 d6 2. e4 Nf6 3. Nc3 g6 4. f3 Nc6 5. Be3 e5 6. d5 Ne7 7. Qd2 a6 8. a4
Bd7 9. Bh6 Neg8 10. Bxf8 Kxf8 11. Bd3 Kg7 12. g4 h5 13. g5 Ne8 14. f4 exf4
15. Qxf4 Qe7 16. Nf3 f6 17. O-O-O fxg5 18. Nxg5 Nef6 19. Rde1 Ng4 20. Rhf1
Ne5 21. Nf3 Nh6 22. Nxe5 dxe5 23. Qe3 Ng4 24. Qe2 Rhf8 25. Kb1 Rxf1 26. Rxf1
Rf8 27. Rxf8 Qxf8 28. Nd1 Qf4 29. h4 Qh2 30. Qxh2 Nxh2 31. Be2 Bg4 32. Nc3
Bxe2 33. Nxe2 Nf3 34. c4 Nxh4 35. c5 Kf6 36. b4 g5 37. b5 axb5 38. axb5 Nf3
39. c6 bxc6 40. dxc6 Ke7 41. Kc2 h4 42. Kd3 g4 43. Ke3 Nd4 44. b6 cxb6 45.
c7 Kd7 46. Nc3 Kxc7 47. Nd5+ Kd6 48. Nf6 Nc6 49. Nxg4 Ne7 50. Nf6 Ng6 51.
Ng4 Nh8 52. Nf6 Nf7 53. Ng4 Ng5 54. Nxe5 Nxe4 55. Nc4+
{Black ran out of time and White has no material to mate}
1/2-1/2

[Event "ICC Open 2015"]
[Site "Internet Chess Club"]
[Date "2015.05.30"]
[Round "6"]
[White "JArookie"]
[Black "maki89"]
[Result "0-1"]
[ICCResult "White forfeits on time"]
[WhiteElo "1957"]
[BlackElo "2384"]
[Opening "Alekhine's defense: Scandinavian variation"]
[ECO "B02"]
[NIC "AL.10"]
[Time "15:03:10"]
[TimeControl "180+0"]

1. e4 Nf6 2. Nc3 d5 3. e5 Nfd7 4. d4 c5 5. f4 cxd4 6. Nb5 e6 7. Nf3 Nc6 8.
Bd3 Be7 9. O-O Qb6 10. a4 a6 11. a5 Nxa5 12. Nbxd4 Nc6 13. c3 Nc5 14. b4
Nxd3 15. Qxd3 Bd7 16. Be3 Nxd4 17. Nxd4 Qc7 18. b5 O-O 19. bxa6 bxa6 20.
Rfb1 Rfc8 21. Rb3 f6 22. exf6 Bxf6 23. Rxa6 Rxa6 24. Qxa6 Qc4 25. Qxc4 Rxc4
26. Rb7 Rxc3 27. Rxd7 Rxe3 28. Nf3 d4 29. Kf2 h6 30. Nxd4 Bxd4 31. Rxd4 Ra3
32. Rd7 Kh7 33. h3 Kg6 34. Rd6 Kf6 35. g4 Rxh3 36. f5 Rh2+ 37. Kg3 Ra2 38.
Rxe6+ Kf7 39. Rb6 Ra3+ 40. Kh4 Rc3 41. g5 Rc4+ 42. Kh5 hxg5 43. Kxg5 Rc1 44.
Rb7+ Kg8 45. Rb8+ Kh7 46. Rb7 Rg1+ 47. Kf4 Rf1+ 48. Ke5 Kh6 49. Kd4 Rxf5 50.
Ke4 Rf6 {White forfeits on time} 0-1

[Event "ICC Open 2015"]
[Site "Internet Chess Club"]
[Date "2015.05.30"]
[Round "6"]
[White "mockingbird"]
[Black "ehkopean"]
[Result "1-0"]
[ICCResult "Black forfeits on time"]
[WhiteElo "2265"]
[BlackElo "1739"]
[Opening "Caro-Kann defense"]
[ECO "B10"]
[NIC "CK.01"]
[Time "15:03:03"]
[TimeControl "180+0"]

1. e4 c6 2. Nf3 d5 3. exd5 cxd5 4. d4 Nf6 5. Bd3 Nc6 6. O-O Bg4 7. c3 e6 8.
h3 Bh5 9. Bf4 Bd6 10. Bxd6 Qxd6 11. Nbd2 O-O 12. Qc2 Rac8 13. a3 a6 14. Rae1
Bg6 15. Ne5 Bxd3 16. Qxd3 b5 17. g4 Nd7 18. Nxd7 Qxd7 19. Nb3 Ne7 20. Nc5
Qc6 21. f4 Rfe8 22. b4 Rcd8 23. a4 Nc8 24. axb5 axb5 25. Ra1 Qb6 26. Ra6 Qb8
27. f5 e5 28. f6 e4 29. Qe3 Nd6 30. Kg2 Nc4 31. Qg5 g6 32. Qh6 Ne3+ 33. Qxe3
Kh8 34. Qf4 Rg8 35. Qxb8 Rxb8 36. g5 Rge8 37. Kf2 e3+ 38. Ke2 Ra8 39. Rxa8
Rxa8 40. Kxe3 h6 41. gxh6 Kh7 42. Kd3 Kxh6 43. Re1 Ra2 44. Re5 Rh2 45. Rxd5
Rxh3+ 46. Kc2 Rh2+ 47. Kb3 g5 48. Rd8 g4 49. d5 Kg5 50. d6 g3 51. d7 g2 52.
Rg8+ Kf5 53. d8=Q g1=Q 54. Rxg1 Rb2+ 55. Kxb2 Kf4 56. Qd4+ Kf3 57. Rf1+
{Black forfeits on time}
1-0

[Event "ICC Open 2015"]
[Site "Internet Chess Club"]
[Date "2015.05.30"]
[Round "6"]
[White "RaptureMan"]
[Black "MD1"]
[Result "1-0"]
[ICCResult "Black checkmated"]
[WhiteElo "2226"]
[BlackElo "1663"]
[Opening "Sicilian: Smith-Morra gambit"]
[ECO "B21"]
[NIC "SI.48"]
[Time "15:04:34"]
[TimeControl "180+0"]

1. e4 c5 2. d4 cxd4 3. c3 e5 4. Bc4 Nf6 5. Qe2 dxc3 6. Nxc3 Bc5 7. Nf3 O-O
8. O-O d6 9. h3 Nc6 10. Bg5 h6 11. Bh4 Ne7 12. Bxf6 gxf6 13. Nh4 Ng6 14.
Nxg6 Kg7 15. Nh4 Be6 16. Nf5+ Kh7 17. Rad1 Rg8 18. Nd5 Bxf5 19. exf5 Rg5 20.
Bd3 Qg8 21. Qf3 Qg7 22. Kh2 Re8 23. Be4 Rg8 24. g3 h5 25. b4 Bd4 26. Rc1 b6
27. Rc7 a5 28. a3 axb4 29. axb4 h4 30. g4 Qf8 31. Nxf6+ Kh6 32. Nxg8+ Qxg8
33. Bd5 Qb8 34. Rxf7 b5 35. Rc1 Qb6 36. Rcc7 Bxf2 37. Rh7# {Black
checkmated} 1-0

[Event "ICC Open 2015"]
[Site "Internet Chess Club"]
[Date "2015.05.30"]
[Round "6"]
[White "MrsPiggy"]
[Black "IlValentino"]
[Result "0-1"]
[ICCResult "White forfeits on time"]
[WhiteElo "1392"]
[BlackElo "1417"]
[Opening "Queen's Indian: 4.e3"]
[ECO "E14"]
[NIC "QI.03"]
[Time "15:02:55"]
[TimeControl "180+0"]

1. d4 Nf6 2. e3 b6 3. c4 e6 4. Nf3 Bb7 5. Be2 Bb4+ 6. Nbd2 O-O 7. a3 Be7 8.
O-O Re8 9. b4 Bf8 10. Bb2 d6 11. Qc2 Nbd7 12. Rfe1 c5 13. h3 Rc8 14. Qa4
cxd4 15. Bxd4 Ra8 16. Bb2 d5 17. Qb3 dxc4 18. Nxc4 b5 19. Na5 Ba6 20. Red1
Qc7 21. Rac1 Qb8 22. Nc6 Qb6 23. Rd6 Qb7 24. Na5 Qb8 25. Rdc6 Rc8 26. Rxc8
Bxc8 27. Nc6 Qb7 28. Na5 Qb6 29. Nd4 Ba6 30. Bf3 Rc8 31. Rxc8 Bxc8 32. Nac6
Nb8 33. Nxb8 Qxb8 34. Nc6 Qb6 35. Bd4 Qc7 36. Qd3 a6 37. Na5 Be7 38. Nc6 h6
39. Nxe7+ Qxe7 40. Bc5 Qd7 41. Qxd7 Bxd7 42. Kf1 Be8 43. Ke2 Nd5 44. Kd3 f6
45. Kd4 Bf7 46. Bxd5 exd5 {White forfeits on time} 0-1

[Event "ICC Open 2015"]
[Site "Internet Chess Club"]
[Date "2015.05.30"]
[Round "6"]
[White "spanner63"]
[Black "Jospa"]
[Result "1-0"]
[ICCResult "Black checkmated"]
[WhiteElo "1657"]
[BlackElo "1220"]
[Opening "QGD: Ragozin variation"]
[ECO "D38"]
[NIC "NI.27"]
[Time "15:02:48"]
[TimeControl "180+0"]

1. d4 d5 2. Nf3 Nf6 3. c4 e6 4. Nc3 Bb4 5. Bg5 Nc6 6. e3 h6 7. Bh4 Qe7 8.
Bd3 Bd7 9. O-O O-O-O 10. Rc1 g5 11. Bg3 h5 12. Ne5 Nxe5 13. Bxe5 Rhg8 14.
Bxf6 Qxf6 15. cxd5 exd5 16. Nxd5 Qd6 17. Nxb4 Qxb4 18. Qc2 Qd6 19. Qc5 Qc6
20. Rc3 Qxc5 21. Rxc5 b6 22. Rc3 c6 23. Rfc1 Kc7 24. Be4 f5 25. Bxc6 Bxc6
26. Rxc6+ Kd7 27. Rc7+ Ke6 28. Rxa7 Kd5 29. Kf1 f4 30. exf4 gxf4 31. Rb7 Rc8
32. Rxc8 Rxc8 33. Rxb6 Ke4 34. Ke1 f3 35. gxf3+ Kxf3 36. Kd2 Kxf2 37. a4 Rd8
38. Kc3 Ke3 39. Re6+ Kf4 40. Rh6 Kg5 41. Rh7 h4 42. a5 Rc8+ 43. Kd3 Rb8 44.
Kc3 Rc8+ 45. Kb4 Rb8+ 46. Ka3 Kg4 47. b4 Rd8 48. a6 Rxd4 49. a7 Rd3+ 50. Ka4
Rd8 51. b5 Rd4+ 52. Ka5 Rd1 53. b6 Ra1+ 54. Kb5 Rb1+ 55. Kc6 Rc1+ 56. Kb7
Ra1 57. a8=Q Rxa8 58. Kxa8 Kh3 59. b7 Kg2 60. b8=Q h3 61. Rxh3 Kxh3 62. Qg3#
{Black checkmated}
1-0

[Event "ICC Open 2015"]
[Site "Internet Chess Club"]
[Date "2015.05.30"]
[Round "6"]
[White "Sjelan"]
[Black "slothchess"]
[Result "0-1"]
[ICCResult "White resigns"]
[WhiteElo "2181"]
[BlackElo "1618"]
[Opening "Queen's pawn game"]
[ECO "A46"]
[NIC "QP.06"]
[Time "15:03:48"]
[TimeControl "180+0"]

1. d4 Nf6 2. Nf3 e6 3. c3 d5 4. Bf4 Bd6 5. Bg3 O-O 6. Nbd2 c5 7. e3 Nc6 8.
Be2 Bxg3 9. hxg3 Qd6 10. O-O cxd4 11. exd4 Re8 12. Re1 Qc7 13. Bb5 a6 14.
Bxc6 bxc6 15. b4 a5 16. a3 axb4 17. axb4 Bb7 18. Nb3 Rxa1 19. Qxa1 Ne4 20.
Nc5 Ra8 21. Qb2 Nxc5 22. bxc5 Ba6 23. Ra1 Rb8 24. Qa3 Bc8 25. Ne5 f6 26. Nd3
e5 27. Nb4 exd4 28. Na6 Bxa6 29. Qxa6 dxc3 30. Qd3 Rb3 31. Ra8+ Kf7 32. Qxh7
Rb8 33. Qh5+ Kg8 34. Ra1 Qe7 35. Qf5 d4 36. Rd1 Qe2 37. Rc1 d3 38. Qf4 Re8
39. Qc4+ Kf8 40. Qxc3 d2 41. Rc2 d1=Q+ {White resigns} 0-1

[Event "ICC Open 2015"]
[Site "Internet Chess Club"]
[Date "2015.05.30"]
[Round "6"]
[White "toll"]
[Black "Borknagar"]
[Result "1-0"]
[ICCResult "Black forfeits on time"]
[WhiteElo "1723"]
[BlackElo "1946"]
[Opening "Polish (Sokolsky) opening"]
[ECO "A00"]
[NIC "VO.10"]
[Time "15:03:01"]
[TimeControl "180+0"]

1. b4 d5 2. Bb2 Nf6 3. e3 c6 4. c4 Qc7 5. c5 e5 6. d4 e4 7. g3 Bg4 8. Qb3
Qd7 9. Nc3 a6 10. a4 Be7 11. Nge2 Bf3 12. Rg1 O-O 13. O-O-O Ng4 14. Bh3 Qc7
15. a5 Nxf2 16. Bg2 Bxg2 17. Rxg2 Nxd1 18. Qxd1 Bg5 19. Nf4 Nd7 20. Qg4 Bh6
21. Qe2 Nf6 22. Nd1 Qd7 23. Nf2 Rae8 24. h3 Bxf4 25. gxf4 Kh8 26. Bc3 Qf5
27. Be1 Qh5 28. Ng4 Nxg4 29. hxg4 Qg6 30. Bh4 f6 31. g5 fxg5 32. Rxg5 Qf7
33. Qg2 h6 34. Rg3 Rc8 35. Qh3 Rc7 36. Qg4 Qd7 37. Qh5 Qf7 38. Qg4 Qd7 39.
Qh5 Qf5 40. Qe2 Rcf7 41. Qg2 Rg8 42. Rg6 Qh5 43. Bf2 Rf6 44. Rg3 g5 45. Kd2
Rff8 46. fxg5 Rxg5 47. Rxg5 Qxg5 48. Qh2 Qf6 49. Bg3 Kh7 50. Bf4 Qg6 51. Qh3
Rg8 52. Kc3 Rg7 53. Qh2 Qg4 54. Be5 Rg6 55. Bf4 h5 56. Qf2 h4 57. Bh2 h3 58.
Qf7+ Kh6 59. Qf8+ Kh5 60. Qh8+ Rh6 61. Qe8+ Qg6 62. Qe5+ Qg5 63. Qe6 Qg6 64.
Qf5+ Qg5 65. Qf6 {Black forfeits on time} 1-0

[Event "ICC Open 2015"]
[Site "Internet Chess Club"]
[Date "2015.05.30"]
[Round "6"]
[White "playwaycool"]
[Black "lagarto300"]
[Result "1-0"]
[ICCResult "Black forfeits on time"]
[WhiteElo "2345"]
[BlackElo "1982"]
[Opening "Trompowsky attack (Ruth, Opocenský opening)"]
[ECO "A45"]
[NIC "QP.07"]
[Time "15:03:40"]
[TimeControl "180+0"]

1. d4 Nf6 2. Bg5 Ne4 3. Bf4 g6 4. f3 Nf6 5. e4 d6 6. g4 h6 7. h4 Bg7 8. Qd2
Nfd7 9. Nc3 a6 10. O-O-O c5 11. dxc5 Nxc5 12. e5 Nc6 13. exd6 Qa5 14. dxe7
Be6 15. Bd6 Nb4 16. a3 Bxc3 17. Qe3 Na2+ 18. Kb1 Na4 19. Ne2 Bxb2 20. Bg2
Bg7 21. Nd4 N2c3+ 22. Kc1 Nxd1 23. Rxd1 Nc3 24. Nxe6 fxe6 25. Rd3 Nb5 26.
Qxe6 Nxd6 27. Qxg6+ Nf7 28. Qxg7 Qe1+ 29. Rd1 Qe3+ 30. Kb1 Rc8 31. Qb2
{Black forfeits on time}
1-0

[Event "ICC Open 2015"]
[Site "Internet Chess Club"]
[Date "2015.05.30"]
[Round "6"]
[White "Estocolmov"]
[Black "nihil95"]
[Result "1-0"]
[ICCResult "Black forfeits on time"]
[WhiteElo "2255"]
[BlackElo "1822"]
[Opening "Old Indian defense"]
[ECO "A42"]
[NIC "OI.07"]
[Time "15:03:34"]
[TimeControl "180+0"]

1. d4 d6 2. c4 c6 3. Nc3 g6 4. e4 Bg7 5. Be3 Nf6 6. f3 O-O 7. Bd3 Qc7 8.
Nge2 e5 9. Qd2 a6 10. O-O Nbd7 11. Rac1 Qd8 12. Rfd1 Qe7 13. h3 c5 14. dxc5
Nxc5 15. Nd5 Nxd5 16. cxd5 Nxd3 17. Qxd3 f5 18. Rc2 f4 19. Bf2 b5 20. Rdc1
Bd7 21. Rc7 Rac8 22. b4 Rxc7 23. Rxc7 Rc8 24. Qc2 Qe8 25. Nc1 Qd8 26. Rxc8
Bxc8 27. Nb3 Bf8 28. Na5 g5 29. Qc6 h5 30. Nb7 Bxb7 31. Qxb7 g4 32. Qxa6 Be7
33. Qxb5 Bh4 34. Bb6 Qe7 35. Qc6 gxf3 36. Qc8+ Kg7 37. Qc7 f2+ 38. Kf1 Kf7
39. a4 Qxc7 40. Bxc7 Ke7 41. b5 Kd7 42. b6 Kc8 43. a5 Kb7 44. Bxd6 Bd8 45.
Bxe5 Bg5 46. Kxf2 h4 47. Kf3 Ka6 48. Bxf4 Kxa5 49. b7 Kb6 50. b8=Q+ Ka5 51.
Bxg5 {Black forfeits on time} 1-0

[Event "ICC Open 2015"]
[Site "Internet Chess Club"]
[Date "2015.05.30"]
[Round "6"]
[White "DarkBlue"]
[Black "fearlessone"]
[Result "0-1"]
[ICCResult "White forfeits on time"]
[WhiteElo "1930"]
[BlackElo "1703"]
[Opening "Réti opening"]
[ECO "A04"]
[NIC "QP.11"]
[Time "15:03:08"]
[TimeControl "180+0"]

1. Nf3 d6 2. d4 Nd7 3. e4 g6 4. Nc3 Bg7 5. h3 e6 6. Be2 Ne7 7. O-O O-O 8.
Be3 b6 9. Qd2 Bb7 10. Bh6 Nf6 11. Bxg7 Kxg7 12. Bd3 h6 13. Rfe1 a6 14. Rad1
Nfg8 15. Qe2 Nc6 16. a3 Qf6 17. e5 Qe7 18. Ne4 dxe5 19. dxe5 Rad8 20. c3 Nb8
21. Bb1 Rxd1 22. Rxd1 Rd8 23. Rd4 Nc6 24. Rd2 Rxd2 25. Nexd2 Qd8 26. Nb3
Nce7 27. Bd3 Qd5 28. Nbd4 c5 29. Nc2 b5 30. Ne3 Qc6 31. c4 b4 32. axb4 cxb4
33. b3 a5 34. Nd2 Nf5 35. Be4 Qc7 36. Bxb7 Qxb7 37. Nxf5+ exf5 38. Qe3 Qd7
39. Nf3 Ne7 40. Kh2 Nc6 41. Qc5 Qe6 42. Qd5 Kf8 43. g3 g5 44. Kg2 Ke7 45.
Qc5+ Ke8 46. Qb6 g4 47. hxg4 fxg4 48. Nd2 Nxe5 49. Qb5+ Kf8 50. Qxa5 Qc6+
51. Qd5 Qxd5+ 52. cxd5 Nd7 53. Ne4 Ke7 54. Kf1 f6 55. Ke2 f5 56. Nd2 Kd6 57.
Ke3 Kxd5 58. Kf4 Ne5 59. Kxf5 Nd3 60. Kg6 Nxf2 61. Kxh6 Ne4 62. Nf1 Nxg3 63.
Nxg3 Kd4 64. Kg5 Kc3 65. Ne4+ Kxb3 66. Nc5+ Kc2 67. Kxg4 b3 68. Kf4 b2 69.
Nb3 Kxb3 70. Ke5 b1=Q 71. Kd5 Qc2 72. Kd6 Qc3 73. Kd7 Qc4 74. Kd8 Qb4 75.
Ke8 Qc4 76. Ke7 Qd3 77. Ke6 Qd4 78. Kf5 Qc4 79. Kg6 Qc5 80. Kh7 Qc6 81. Kg7
Qc7+ 82. Kg8 Qc8+ 83. Kg7 Qc7+ 84. Kg6 Qb8 85. Kg5 Qb7 86. Kg4 Qc6 87. Kh3
Qc7 88. Kg2 Qd6 {White forfeits on time} 0-1